 Dungeon Crawl Stone Soup version 0.27-a0-650-g8dd3ea4f36 (webtiles) character file.

Game seed: 17080334742515420148

40 Anon1729 the Cudgeller (level 3, 0/31 HPs)
             Began as a Palentonga Warper on Mar 15, 2021.
             Slain by a leopard gecko (5 damage)
             ... on level 1 of the Dungeon.
             The game lasted 00:02:09 (1634 turns).

Anon1729 the Cudgeller (Palentonga Warper)          Turns: 1634, Time: 00:02:09

Health: 0/31       AC:  4    Str: 15    XL:     3   Next: 30%
Magic:  1/6        EV:  9    Int: 19    God:
Gold:   63         SH:  0    Dex:  9    Spells: 4/6 levels left

rFire    . . .     SeeInvis +   a - +0 mace
rCold    . . .     Faith    .   (no shield)
rNeg     . . .     Spirit   .   b - +0 leather armour
rPois    .         Reflect  .   (no helmet)
rElec    .         Harm     .   (no cloak)
rCorr    .         Rampage  .   (no gloves)
Will     .....                  (no barding)
Stlth    +.........             (no amulet)
HPRegen  0.10/turn              f - +6 ring of intelligence
MPRegen  0.10/turn              (no ring)

@: brilliant, lethally poisoned (0 -> -4)
A: large, rugged brown scales 3, see invisible, deformed body, roll 1, armoured
tail
a: Rolling Charge


You were on level 1 of the Dungeon.
You visited 1 branch of the dungeon, and saw 2 of its levels.

You collected 63 gold pieces.

Inventory:

Hand Weapons
 a - a +0 mace (weapon)
 g - a +0 dagger of freezing
Missiles
 e - 4 boomerangs of dispersal
Armour
 b - a +0 leather armour (worn)
Jewellery
 f - a +6 ring of intelligence (right hand)
Wands
 j - a wand of flame (19)
Scrolls
 d - 3 scrolls of blinking
 h - a scroll of immolation {unknown}
Potions
 i - a potion of flight {unknown}


   Skills:
 - Level 2.0 Fighting
 + Level 3.8 Maces & Flails
 - Level 0.6 Throwing
 - Level 0.7 Armour
 - Level 1.5 Dodging
 - Level 2.0 Spellcasting
 - Level 3.0 Translocations


You had 4 spell levels left.
You knew the following spells:

 Your Spells              Type           Power      Damage    Failure   Level
a - Blink                 Tloc           N/A        N/A       9%          2

Your spell library contained the following spells:

 Spells                   Type           Power      Damage    Failure   Level
 Gell's Gravitas          Tloc           9%         N/A       19%         3
 Lesser Beckoning         Tloc           9%         N/A       19%         3
 Teleport Other           Tloc           19%        N/A       19%         3
 Manifold Assault         Tloc           19%        N/A       52%         4


Dungeon Overview and Level Annotations

Branches:
Dungeon (2/15)

Altars:


Innate Abilities, Weirdness & Mutations

You are completely covered in rugged brown scales. (AC +3, +7% HP)
You have supernaturally acute eyesight. (SInv)
Armour fits poorly on your strangely shaped body.
You can roll at nearby foes to attack.
You have a long armoured tail.


Message History

You feel sick.
You feel sick.
There is a stone staircase leading up here.
You feel sick.
The leopard gecko completely misses you.
You climb upwards.
You feel sick.
There is a stone staircase leading down here.
You miss the leopard gecko.
You feel sick.
The leopard gecko bites you but does no damage.
You hit the leopard gecko but do no damage.
The leopard gecko barely misses you. The leopard gecko closely misses you.
You completely miss the leopard gecko.
You feel sick. The leopard gecko misses you.
You closely miss the leopard gecko.
You feel sick.
The leopard gecko bites you but does no damage.
You closely miss the leopard gecko.
Your tail-slap misses the leopard gecko.
The leopard gecko bites you.
* * * LOW HITPOINT WARNING * * *
The leopard gecko misses you.
Casting: Blink (safe; 9% risk of failure)
Confirm with . or Enter, or press ? or * to list all spells.
You blink.
You feel sick.
You are too injured to fight recklessly!
Roll where?
Press: ? - help, Dir - move target, f - leopard gecko
Aim: a leopard gecko You roll forward with a clatter of scales!
You barely miss the leopard gecko. The leopard gecko bites you.
* * * LOW HITPOINT WARNING * * *
The leopard gecko bites you.
* * * LOW HITPOINT WARNING * * *
Unknown command.
Casting: Blink (safe; 9% risk of failure)
Confirm with . or Enter, or press ? or * to list all spells.
You don't have enough magic to cast this spell.
It was a potion of brilliance.
You feel clever all of a sudden. The leopard gecko bites you.
You die...

...# #....)......)...............
##.# #.....#######.##............
.#.# #.....# #.########...###
#..# ####### #.# #...# .#.#
########.# #...# ##.# #......#.#
#...# .>.# ##.####.#.# #####...#
..## #.......#># #.......# #.#
#..#○○○@l.# #.####..#
#.########..#.##.### #.####..#
..............##.######.##....###
#.########...........)..##.#...).
..# #.#####...###..##.##.### ###
#........## ##....[..# ########.#
#....###### #.## ##.####.##..
#..###..###......


You could see a leopard gecko.

Vanquished Creatures
  2 worms (D:2)
  3 dart slugs
  2 ball pythons
  A giant cockroach (D:1)
  3 goblins (D:1)
  4 hobgoblins
  A quokka (D:2)
  2 bats (D:1)
  2 frilled lizards (D:1)
  3 kobolds (D:1)
  6 rats (D:1)
29 creatures vanquished.

Notes
Turn   | Place    | Note
-------+----------+-------------------------------------------
     0 | D:1      | Anon1729 the Palentonga Warper began the quest for the Orb.
     0 | D:1      | Reached XP level 1. HP: 18/18 MP: 3/3
   279 | D:1      | Reached XP level 2. HP: 25/25 MP: 5/5
  1344 | D:1      | Learned a level 2 spell: Blink
  1351 | D:2      | Reached XP level 3. HP: 28/31 MP: 6/6
  1634 | D:1      | Slain by a leopard gecko

Illustrated notes

Levels and vault maps discovered:
D:1:      dpeg_arrival_arbitrary_c, layout_loops_cross
D:2:      layout_loops_ring

Skill      XL: |  1  2 |
---------------+-------+-----
Maces & Flails | 3 |  3.8
Fighting       | |  2.0
Throwing       | |  0.6
Armour         | |  0.7
Dodging        | |  1.5
Spellcasting   | |  2.0
Translocations | |  3.0

Action                   || total
-------------------------++-------
Melee: Mace              ||    98
       Tailslap          ||    11
Throw: Boomerang         ||     1
 Cast: Blink             ||     3
 Abil: Rolling Charge    ||     5
  Use: Potion            ||     1
Armor: Leather armour    ||    26
Dodge: Dodged            ||    48

Table legend: (Time is in decaauts)
 A = Elapsed time spent in this place.
 B = Non-inter-level travel time spent in this place.
 C = Inter-level travel time spent in this place.
 D = Time resting spent in this place.
 E = Time spent auto-exploring this place.
 F = Levels seen in this place.
 G = Mean time per level.
                   A        B        C        D        E       F      G
               +--------+--------+--------+--------+--------+-----+--------+
         Total |   1658 |   1631 |     27 |    433 |    987 |   2 |  829.0 |
       Dungeon |   1658 |   1631 |     27 |    433 |    987 |   2 |  829.0 |
               +--------+--------+--------+--------+--------+-----+--------+

Top non-repeatable levels by time:
     D:1: 1363 daAuts
     D:2: 295 daAuts
